 Dungeon Crawl Stone Soup version 0.31-a0-702-gf82c85558f (webtiles) character file.

Game seed: 9535651713509461295

102 Corto the Digger (level 4, -4/24 HPs)
             Began as a Gargoyle Earth Elementalist on Sept 8, 2023.
             Killed by nerve-wracking pain
             ... invoked by Grinder
              (5 damage)
             ... on level 3 of the Dungeon.
             The game lasted 00:05:33 (2608 turns).

Corto the Digger (Gargoyle Earth Elementalist)      Turns: 2608, Time: 00:05:33

Health: -4/24      AC:  5    Str: 12    XL:     4   Next: 78%
Magic:  13/17      EV: 11    Int: 17    God:
Gold:   105        SH:  0    Dex: 10    Spells: 5/9 levels left

rFire   . . .        h - staff of earth
rCold   . . .        (no shield)
rNeg    + . .        a - +0 robe
rPois   ∞            (no helmet)
rElec   +            (no cloak)
rCorr   .            (no gloves)
SInv    .            (no boots)
Will    .....        (no amulet)
Stlth   ++           f - ring of magical power
HPRegen 0.24/turn    (no ring)
MPRegen 0.15/turn

%: no passive effects
@: very slightly contaminated
A: sickness immunity, AC +3, negative energy resistance 1, electricity
resistance, torment resistance 1, petrification resistance
a: no special abilities


You were on level 3 of the Dungeon.
You visited 1 branch of the dungeon, and saw 3 of its levels.

You collected 105 gold pieces.

Inventory:

Hand Weapons
 n - a +0 morningstar
Armour
 a - a +0 robe (worn)
Magical Staves
 h - a staff of earth (weapon)
Jewellery
 f - a ring of magical power (left hand)
Wands
 l - a wand of quicksilver (13)
 m - a wand of polymorph (12)
Scrolls
 c - 8 scrolls of identify {unknown}
 i - a scroll of fog {unknown}
 o - a scroll of noise {unknown}
Potions
 b - a potion of magic
 d - 2 potions of might {unknown}
 e - 3 potions of curing {unknown}
 g - a potion of brilliance {unknown}
 j - a potion of degeneration {unknown}
 k - a potion of enlightenment {unknown}


   Skills:
 - Level 1.5 Dodging
 - Level 2.1 Stealth
 + Level 3.2 Spellcasting
 + Level 1.7 Conjurations
 - Level 0.7 Transmutations
 + Level 4.9 Earth Magic


You had 5 spell levels left.
You knew the following spells:

 Your Spells              Type           Power      Damage    Failure   Level
a - Sandblast             Erth           58%        2d13      2%          1
b - Stone Arrow           Conj/Erth      42%        3d9       13%         3

Your spell library contained the following spells:

 Spells                   Type           Power      Damage    Failure   Level
 Passwall                 Tmut/Erth      15%        N/A       9%          2
 Petrify                  Tmut/Erth      18%        N/A       47%         4
 Animate Armour           Summ/Erth      32%        N/A       52%         4
 Lee's Rapid Deconstruct  Erth           14%        3d9*      52%         5
 Dispel Undead            Necr           2%         3d7       86%         4
 Summon Lightning Spire   Summ/Air       2%         N/A       86%         4
 Death Channel            Necr           1%         N/A       100%        6
 Cigotuvi's Dreadful Rot  Necr/Pois/Air  Unusable   N/A       N/A         2

Dungeon Overview and Level Annotations

Branches:
Dungeon (3/15)

Altars:
Dithmenos
Kikubaaqudgha

Annotations:
D:3 Grinder


Innate Abilities, Weirdness & Mutations

You are immune to sickness and miasma.
Your stone body is resilient. (AC +3)
You are immune to poison.
You resist negative energy. (rN+)
You are resistant to electric shocks. (rElec)
You are resistant to unholy torment.
You are immune to petrification.


Message History

Casting: Sandblast (safe; 2% risk of failure)
Confirm with . or Enter, or press ? or * to list all spells.
You feel a surge of power!
The blast of sand hits Grinder!
Grinder is severely wounded.
Grinder gestures at you.
You suddenly lose the ability to move!
Grinder gestures at you.
You shrug off the repeated paralysis!
Grinder hits you!
* * * LOW HITPOINT WARNING * * *
Grinder hits you.
* * * LOW HITPOINT WARNING * * *
You can move again.
You are too injured to fight recklessly!
Unknown command.
Casting: Sandblast (safe; 2% risk of failure)
Confirm with . or Enter, or press ? or * to list all spells.
Aiming: Sandblast (safe; 2% risk of failure)
Press: ? - help, Shift-Dir - straight line, f/p - Grinder
Aim: Grinder (severely wounded, 81% to hit)
You feel a surge of power!
The blast of sand hits Grinder but does no damage.
Grinder is severely wounded.
Grinder gestures at you.
You barely resist. Grinder gestures at you.
You shrug off the repeated paralysis!
Casting: Sandblast (safe; 2% risk of failure)
Confirm with . or Enter, or press ? or * to list all spells.
Aiming: Sandblast (safe; 2% risk of failure)
Press: ? - help, Shift-Dir - straight line, f/p - Grinder
Aim: Grinder (severely wounded, 81% to hit)
You feel a surge of power!
You miscast Sandblast.
You are very lightly contaminated with residual magic.
Nothing appears to happen.
Grinder says, "FISH!"
Grinder gestures at you. Pain shoots through your body!
You die...
Grinder says, "Now the real fun starts!" █ •█ ███ █•███ •• █••••• █•█ █P•P•• █••██••PP♣ •• █•5••P•♣ ••••

█@••••♣ ••█
█••♣♣♣♣♣♣♣P•██
█•██PP•♣♣♣•••••••
█•••••••♣(••••█
████••••♣♣•••█


█•██••••••██████ █•███••••••••••████ █•█ ████••••••••••• █•█ █••••••••••█ You
could see Grinder.

Vanquished Creatures
  Ijyb (D:3)
  An adder (D:2)
  2 worms (D:2)
  A dart slug (D:3)
  4 orcs (D:3)
  2 ball pythons
  2 bats (D:2)
  9 endoplasms
  2 giant cockroaches
  2 goblins
  4 hobgoblins
  9 jackals
  3 kobolds
  A frilled lizard (D:2)
  6 rats
49 creatures vanquished.

Notes
Turn   | Place    | Note
-------+----------+-------------------------------------------
     0 | D:1      | Corto the Gargoyle Earth Elementalist began the quest for
                  | the Orb.
     0 | D:1      | Reached XP level 1. HP: 10/10 MP: 3/3
   263 | D:1      | Reached skill level 4 in Earth Magic
   263 | D:1      | Reached XP level 2. HP: 15/15 MP: 1/5
   532 | D:1      | Found a faded altar of an unknown god.
   837 | D:2      | Found an ancient bone altar of Kikubaaqudgha.
   874 | D:2      | Reached XP level 3. HP: 19/19 MP: 6/6
   878 | D:2      | Learned a level 3 spell: Stone Arrow
  1478 | D:2      | Reached skill level 1 in Conjurations
  1880 | D:3      | Noticed Ijyb
  1935 | D:3      | Reached XP level 4. HP: 24/24 MP: 5/8
  2310 | D:3      | Killed Ijyb
  2350 | D:3      | Found a shadowy altar of Dithmenos.
  2594 | D:3      | Noticed Grinder
  2598 | D:3      | Paralysed by Grinder for 3 turns
  2603 | D:3      | Paralysed by Grinder for 4 turns
  2606 | D:3      | HP: 1/24 [Grinder (6)]
  2608 | D:3      | Killed from afar by Grinder

Illustrated notes

Levels and vault maps discovered:
D:1:      dpeg_arrival_three_same_balls, layout_basic,
          chequers_ecumenical_altar_island, minmay_pentomino_x2
D:2:      layout_loops_ring, serial_forest, infiniplex_forest_straight_4,
          infiniplex_forest_lined_room_2, infiniplex_forest_straight_2,
          infiniplex_forest_lined_corner, infiniplex_forest_clump_cross,
          infiniplex_forest_end_3, infiniplex_forest_straight_2, basic_altar
D:3:      layout_loops_ring, mainiacjoe_overflow_concentric_impassable,
          trog_wizard, nemelex_dance_club_becter, serial_forest,
          infiniplex_forest_end_1, infiniplex_forest_straight_2,
          infiniplex_forest_straight_3, infiniplex_forest_clump_cross,
          infiniplex_forest_clump_cross, infiniplex_forest_3_way,
          dk_noncrumbling_2, lemuel_flame_loot_1, uniq_ijyb, uniq_grinder

Skill      XL: |  1  2  3  4 |
---------------+-------------+-----
Earth Magic    | 4 |  4.9
Conjurations   | 1 |  1.7
Spellcasting   | 3 |  3.2
Dodging        | |  1.5
Stealth        | |  2.1
Transmutations | |  0.7

Action                     |  1- 3 |  4- 6 || total
---------------------------+-------+-------++-------
  Melee: Unarmed           |     7 |     3 ||    10
         Staff             |     6 |       ||     6
   Cast: Sandblast         |    52 |    26 ||    78
 Armour: Robe              |     9 |     5 ||    14
         Skin              |       |     2 ||     2
  Dodge: Dodged            |     9 |     4 ||    13

Table legend: (Time is in decaauts)
 A = Elapsed time spent in this place.
 B = Non-inter-level travel time spent in this place.
 C = Inter-level travel time spent in this place.
 D = Time resting spent in this place.
 E = Time spent auto-exploring this place.
 F = Levels seen in this place.
 G = Mean time per level.
                   A        B        C        D        E       F      G
               +--------+--------+--------+--------+--------+-----+--------+
         Total |   2610 |   2557 |     53 |      2 |   2184 |   3 |  870.0 |
       Dungeon |   2610 |   2557 |     53 |      2 |   2184 |   3 |  870.0 |
               +--------+--------+--------+--------+--------+-----+--------+

Top non-repeatable levels by time:
     D:2: 1073 daAuts
     D:1: 812 daAuts
     D:3: 724 daAuts
